 Dungeon Crawl Stone Soup version 0.30-a0-777-ga9a30cbeda (webtiles) character file.

Game seed: 16201603523831642556

85 Crownlay the Sneak (level 4, -9/27 HPs)
             Began as an Octopode Earth Elementalist on Feb 13, 2023.
             Killed from afar by Ijyb (13 damage)
             ... with a puff of flame
             ... on level 3 of the Dungeon.
             The game lasted 00:02:14 (1791 turns).

Crownlay the Sneak (Octopode Earth Elementalist)    Turns: 1791, Time: 00:02:15

Health: -9/27      AC:  1    Str:  7    XL:     4   Next: 48%
Magic:  0/8        EV: 13    Int: 19    God:
Gold:   53         SH:  0    Dex: 12    Spells: 5/9 levels left

rFire   . . .      SeeInvis +    c - +0 dagger
rCold   + . .      Faith    .    (no shield)
rNeg    . . .      Spirit   .    (helmet restricted)
rPois   .          Reflect  .    (no amulet)
rElec   .          Harm     .    l - ring of protection from cold
rCorr   .          Rampage  .    m - ring of see invisible
Will    .....                    (no ring)
Stlth   +++                      (no ring)
HPRegen 0.24/turn                (no ring)
MPRegen 0.11/turn                (no ring)
                                 (no ring)
                                 (no ring)

@: mighty, brilliant, very slightly contaminated
A: almost no armour, amphibious, 8 rings, camouflage 1, gelatinous body 1,
(nimble swimmer 1), tentacles
a: no special abilities


You were on level 3 of the Dungeon.
You visited 1 branch of the dungeon, and saw 3 of its levels.

You collected 53 gold pieces.

Inventory:

Hand Weapons
 c - a +0 dagger (weapon)
Jewellery
 l - a ring of protection from cold (left tentacle)
 m - a ring of see invisible (right tentacle)
Scrolls
 e - a scroll of vulnerability {unknown}
 f - 2 scrolls of immolation {unknown}
 g - 2 scrolls of fear {unknown}
 j - 2 scrolls of poison {unknown}
 k - a scroll of noise {unknown}
 o - a scroll of amnesia {unknown}
 q - a scroll of enchant armour {unknown}
Potions
 a - 2 potions of magic
 b - a potion of might
 d - a potion of mutation {unknown}
 h - a potion of curing
 i - a potion of lignification {unknown}
 n - a potion of brilliance
 p - a potion of cancellation {unknown}
 r - a potion of heal wounds {unknown}


   Skills:
 - Level 2.0 Dodging
 + Level 3.9 Stealth
 * Level 3.3 Spellcasting
 - Level 1.0 Transmutations
 + Level 3.6 Earth Magic


You had 5 spell levels left.
You knew the following spells:

 Your Spells              Type           Power      Damage    Failure   Level
a - Sandblast             Erth           50%        2d12      3%          1
b - Stone Arrow           Conj/Erth      30%        3d8       22%         3

Your spell library contained the following spells:

 Spells                   Type           Power      Damage    Failure   Level
 Passwall                 Tmut/Erth      15%        N/A       9%          2
 Petrify                  Tmut/Erth      18%        N/A       50%         4


Dungeon Overview and Level Annotations

Branches:
Dungeon (3/15)

Altars:

Annotations:
D:2 1 runed translucent door, Crazy Yiuf
D:3 Ijyb


Innate Abilities, Weirdness & Mutations

You cannot wear most types of armour.
You are amphibious.
You can wear up to eight rings at the same time.
Your skin changes colour to match your surroundings (Stealth+).
Your rubbery body absorbs attacks. (AC +1, EV +1)
((You are camouflaged when in or above water. (Stealth+)))
You have tentacles for arms and can constrict up to eight enemies at once.


Message History

Casting: Sandblast (safe; 3% risk of failure)
Confirm with . or Enter, or press ? or * to list all spells.
Aiming: Sandblast (safe; 3% risk of failure)
Press: ? - help, Shift-Dir - straight line, f/p - Ijyb
Aim: Ijyb, wielding a +0 club, wearing a +0 ring mail and carrying a wand of flame (26) (80% to hit)
The blast of sand hits Ijyb but does no damage.
Ijyb hits you with a +0 club. Ijyb completely misses you.
Casting: Sandblast (safe; 3% risk of failure)
Confirm with . or Enter, or press ? or * to list all spells.
Aiming: Sandblast (safe; 3% risk of failure)
Press: ? - help, Shift-Dir - straight line, f/p - Ijyb
Aim: Ijyb, wielding a +0 club, wearing a +0 ring mail and carrying a wand of flame (26) (80% to hit)
The blast of sand hits Ijyb but does no damage.
A jackal comes into view.
Ijyb zaps a wand.
The puff of flame hits you.
* * * LOW HITPOINT WARNING * * *
Okay, then.
It was a potion of might.
You feel very mighty all of a sudden. Ijyb barely misses you.
It was a potion of curing.
You feel better.
A jackal comes into view.
Ijyb zaps a wand.
The puff of flame hits you.
* * * LOW HITPOINT WARNING * * *
Casting: Sandblast (safe; 3% risk of failure)
Confirm with . or Enter, or press ? or * to list all spells.
Aiming: Sandblast (safe; 3% risk of failure)
Press: ? - help, Shift-Dir - straight line, f/p - Ijyb
Aim: Ijyb, wielding a +0 club, wearing a +0 ring mail and carrying a wand of flame (24) (80% to hit)
You miscast Sandblast.
You are very lightly contaminated with residual magic.
Nothing appears to happen.
The jackal barks! x2
Ijyb zaps a wand.
The puff of flame hits you.
* * * LOW HITPOINT WARNING * * *
A jackal comes into view.
It was a potion of brilliance.
You feel clever all of a sudden.
Ijyb zaps a wand.
The puff of flame hits you!
You die...

########
#......######### ####
#.. ...#.......# #..
#.####.#.#####.# #.#
#.##........##h####.####
#........##.@ggh.h.h.>.#
#.##.#...#####.####.##.#
#........#####.#
#.......#
#.##.##........#
#.......#
#.##.##.########
#.......# #.##.##.#
#.##.g... #.......# #.#
.#..# ####.#### ... g...
#..†...# #.. ...#


You could see Ijyb, a gnoll and 4 jackals.

Vanquished Creatures
  Natasha (D:3)
  A gnoll (D:3)
  A worm (D:2)
  A dart slug (D:2)
  3 ball pythons (D:2)
  2 bats (D:2)
  6 endoplasms
  7 goblins
  7 hobgoblins
  7 frilled lizards
  4 kobolds (D:2)
  4 rats
44 creatures vanquished.

Notes
Turn   | Place    | Note
-------+----------+-------------------------------------------
     0 | D:1      | Crownlay the Octopode Earth Elementalist began the quest
                  | for the Orb.
     0 | D:1      | Reached XP level 1. HP: 11/11 MP: 3/3
   130 | D:1      | Reached XP level 2. HP: 5/17 MP: 0/5
   961 | D:2      | Reached XP level 3. HP: 21/21 MP: 2/7
   965 | D:2      | Learned a level 3 spell: Stone Arrow
  1233 | D:2      | Found a runed translucent door.
  1234 | D:2      | Noticed Crazy Yiuf
  1675 | D:3      | Noticed Natasha
  1680 | D:3      | Killed Natasha
  1681 | D:3      | Reached XP level 4. HP: 27/27 MP: 3/8
  1771 | D:3      | Noticed Ijyb
  1791 | D:3      | Killed from afar by Ijyb

Illustrated notes

Levels and vault maps discovered:
D:1:      dpeg_arrival_castle, layout_basic, serial_park_tiny_1,
          reono_crystal_passage
D:2:      kennysheep_six_static_rooms, layout_basic, uniq_crazy_yiuf_cottage
D:3:      layout_loops_cross, uniq_natasha, uniq_grinder, uniq_sigmund,
          uniq_ijyb, uniq_robin

Skill      XL: |  1  2  3 |
---------------+----------+-----
Stealth        | 3 |  3.9
Spellcasting   | 3 |  3.3
Dodging        | |  2.0
Transmutations | |  1.0
Earth Magic    | |  3.6

Action                     |  1- 3 |  4- 6 || total
---------------------------+-------+-------++-------
  Melee: Dagger            |     7 |       ||     7
         Constrict         |     1 |       ||     1
         Punch             |     1 |       ||     1
         Tentacles         |     1 |       ||     1
   Cast: Sandblast         |    50 |     8 ||    58
    Use: Potion            |       |     3 ||     3
 Armour: Skin              |     2 |       ||     2
  Dodge: Dodged            |    21 |     3 ||    24

Table legend: (Time is in decaauts)
 A = Elapsed time spent in this place.
 B = Non-inter-level travel time spent in this place.
 C = Inter-level travel time spent in this place.
 D = Time resting spent in this place.
 E = Time spent auto-exploring this place.
 F = Levels seen in this place.
 G = Mean time per level.
                   A        B        C        D        E       F      G
               +--------+--------+--------+--------+--------+-----+--------+
         Total |   1817 |   1768 |     49 |      0 |   1530 |   3 |  605.7 |
       Dungeon |   1817 |   1768 |     49 |      0 |   1530 |   3 |  605.7 |
               +--------+--------+--------+--------+--------+-----+--------+

Top non-repeatable levels by time:
     D:2: 871 daAuts
     D:1: 811 daAuts
     D:3: 135 daAuts
